 Dungeon Crawl Stone Soup version 0.30.1-9-gdf580d7c3d (webtiles) character file.

Game seed: 10701526202799658346

265 lonewolfV2 the Shield-Bearer (level 5, -5/41 HPs)
             Began as a Demonspawn Fighter on Oct 26, 2023.
             Killed by divine providence
             ... invoked by an orc priest
              (12 damage)
             ... on level 3 of the Dungeon.
             The game lasted 00:03:11 (1627 turns).

lonewolfV2 the Shield-Bearer (Demonspawn Fighter)   Turns: 1627, Time: 00:03:12

Health: -5/41      AC:  8    Str: 19    XL:     5   Next: 99%
Magic:  5/5        EV: 10    Int:  9    God:
Gold:   119        SH:  5    Dex: 12    Spells: 4/4 levels left

rFire   . . .        a - +1 war axe (elec)
rCold   . . .        c - +0 buckler
rNeg    . . .        b - +0 scale mail
rPois   .            g - +0 helmet
rElec   .            (no cloak)
rCorr   .            (no gloves)
SInv    .            (no boots)
Will    .....        (no amulet) Stlth
                     (no ring)
HPRegen 0.26/turn    (no ring)
MPRegen 0.09/turn

%: no passive effects
@: no status effects
A: ignite blood 1
a: no special abilities


You were on level 3 of the Dungeon.
You visited 1 branch of the dungeon, and saw 3 of its levels.

You collected 119 gold pieces.

Inventory:

Hand Weapons
 a - a +1 war axe of electrocution (weapon)
Armour
 b - a +0 scale mail (worn)
 c - a +0 buckler (worn)
 g - a +0 helmet (worn)
Scrolls
 f - a scroll of identify
Potions
 d - a potion of might
 e - 2 potions of heal wounds
 i - 2 potions of invisibility


   Skills:
 - Level 3.0 Fighting
 - Level 1.7 Axes
 + Level 3.8 Armour
 * Level 3.6 Dodging
 + Level 3.8 Shields


You had 4 spell levels left.
You didn't know any spells.
Your spell library was empty.

Dungeon Overview and Level Annotations

Branches:
Dungeon (3/15)

Altars:

Shops:
D:1 :   D:2 (


Innate Abilities, Weirdness & Mutations

Your demonic aura sometimes causes spilled blood to erupt in flames.


Message History

You block the orc's attack.
The orc priest hits you but does no damage.
You barely miss the orc. You closely miss the orc priest.
The orc priest hits you but does no damage.
The orc hits you but does no damage. The orc barely misses you.
Unknown command.
You barely miss the orc. You closely miss the orc priest.
The orc priest barely misses you. The orc hits you with a +0 flail.
You block the orc's attack. The orc priest completely misses you.
The orc hits you from afar with a +0 trident.
The orc barely misses you.
The frilled lizard hisses angrily.
You hit the orc. Lightning courses through the orc!
You kill the orc!
You hit the orc priest but do no damage.
Lightning courses through the orc priest!
The orc priest mumbles some strange prayers to Beogh against you.
Beogh smites you!
* * * LOW HITPOINT WARNING * * *
The orc misses you.
The orc priest looks encouraged for a moment.
The orc hits you with a +0 trident.
* * * LOW HITPOINT WARNING * * *
Items here: ! )) [[ ††.
You barely miss the orc priest.
The orc priest is severely wounded.
You slash the orc! Lightning courses through the orc!
You kill the orc!
You block the orc priest's attack.
You barely miss the orc priest.
The orc priest is severely wounded.
The orc priest hits you but does no damage.
You block the orc priest's attack. The frilled lizard barely misses you.
You barely miss the orc priest.
The orc priest is severely wounded.
You slash the frilled lizard!
You kill the frilled lizard!
The orc priest mumbles some strange prayers to Beogh against you.
Beogh smites you!
You die...

........††............# ..#.
......................... #...
..............#...###..#.# #..#
..............#......#...#
#.........#........###.##...#..
.##..#.#......####....(..........
....#g.....#####........#####.##
#....##...#.!°..#.............
#.<..b.......○@.............###
#...#...^....?o###.......... .
#...# ........# #.......### ##
....... ........# ##...>...#
#................# ........#
........#.######## .......
#.o...l#. # .....## .....o...#
.....# ....o.....


You could see an orc priest.

Vanquished Creatures
  Sigmund (D:2)
  Jessica (D:2)
  2 adders (D:2)
  A worm (D:2)
  3 orcs (D:3)
  A bat (D:2)
  6 endoplasms
  2 giant cockroaches
  3 hobgoblins
  5 jackals
  4 kobolds
  2 quokkas
  2 ball pythons
  A frilled lizard (D:3)
  5 goblins
  7 rats
46 creatures vanquished.

Notes
Turn   | Place    | Note
-------+----------+-------------------------------------------
     0 | D:1      | lonewolfV2 the Demonspawn Fighter began the quest for the
                  | Orb.
     0 | D:1      | Reached XP level 1. HP: 18/18 MP: 1/1
   208 | D:1      | Found Nuareet's Vocational Training.
   292 | D:1      | Reached skill level 1 in Dodging
   292 | D:1      | Gained mutation: Your demonic aura sometimes causes spilled
                  | blood to erupt in flames. [demonic ancestry]
   292 | D:1      | Reached XP level 2. HP: 23/24 MP: 2/2
   521 | D:2      | Found a faded altar of an unknown god.
   557 | D:2      | Reached XP level 3. HP: 24/29 MP: 3/3
   683 | D:2      | Found Usorgh's Weapon Shop.
   947 | D:2      | Noticed Sigmund
   960 | D:2      | Killed Sigmund
   961 | D:2      | Reached XP level 4. HP: 13/35 MP: 4/4
   961 | D:2      | Reached XP level 5. HP: 15/41 MP: 5/5
  1541 | D:2      | Noticed Jessica
  1545 | D:2      | Killed Jessica
  1627 | D:3      | Killed from afar by an orc priest

Illustrated notes

Levels and vault maps discovered:
D:1:      heliophobic_arrival_enchanted_forest, layout_basic,
          hangedman_decor_clover_reticule, minmay_misc_feat_pillars,
          nicolae_shop_vocational
D:2:      layout_loops_ring, serial_shops, nicolae_shop_peninsula,
          ebering_ecumenical_altar_webs, uniq_jessica, uniq_sigmund
D:3:      layout_rooms, st_stairs_13, grunt_ministairs_6, minmay_checkerbox,
          uniq_natasha

Skill      XL: |  1  2  3 |
---------------+----------+-----
Dodging        | 1 3 |  3.6
Shields        | 3 |  3.8
Armour         | 3 |  3.8
Fighting       | |  3.0
Axes           | |  1.7

Action                     |  1- 3 |  4- 6 || total
---------------------------+-------+-------++-------
  Melee: War axe           |    74 |    25 ||    99
    Use: Scroll            |     3 |     3 ||     6
   Stab: Held in net/web   |     1 |       ||     1
 Armour: Scale mail        |    36 |    20 ||    56
  Dodge: Dodged            |    42 |    23 ||    65
  Block: Buckler           |    20 |    12 ||    32
